 Dungeon Crawl Stone Soup version 0.29-a0-584-gb10a8bf730 (webtiles) character file.

Game seed: 6792067291011136885

1214 Lekart the Chopper (level 8, -6/68 HPs)
             Began as a Black Draconian Fighter on June 15, 2022.
             Was an Initiate of Ashenzari.
             Killed themself with a badly aimed orb of electricity (12 damage)
             ... on level 5 of the Dungeon.
             The game lasted 00:06:13 (4636 turns).

Lekart the Chopper (Black Draconian Fighter)        Turns: 4636, Time: 00:06:13

Health: -6/68      AC:  6    Str: 18    XL:     8   Next: 22%
Magic:  8/8        EV: 13    Int:  9    God:    Ashenzari [......]
Gold:   233        SH:  8    Dex: 13    Spells: 7/7 levels left

rFire   . . .      SeeInvis .   a - +0 war axe
rCold   . . .      Faith    .   b - +3 buckler "Chained Fanaticism" {Elem, Melee} (curse)
rNeg    . . .      Spirit   .   (body armour unavailable)
rPois   .          Reflect  .   (helmet restricted)
rElec   +          Harm     .   (no cloak)
rCorr   .          Rampage  .   (no gloves)
Will    .....                   (no boots)
Stlth   +.........              (no amulet)
HPRegen 0.21/turn               (no ring)
MPRegen 0.11/turn               (no ring)

@: studying Maces & Flails
A: breathe lightning, AC +6, unfitting armour, electricity resistance,
cold-blooded
a: Breathe Lightning, Renounce Religion, Curse Item, Shatter the Chains


You were on level 5 of the Dungeon.
You worshipped Ashenzari.
Ashenzari was noncommittal.
You visited 2 branches of the dungeon, and saw 6 of its levels.

You collected 233 gold pieces.

Inventory:

Hand Weapons
 a - a +0 war axe (weapon)
Missiles
 s - a throwing net (quivered)
Armour
 b - the cursed +3 buckler "Chained Fanaticism" (worn) {Elem, Melee}

   It has a curse which improves the following skills: Elements: Fire Magic, Ice
   Magic, Air Magic and Earth Magic.
   Melee Combat: Short Blades, Long Blades, Axes, Maces & Flails, Polearms,
   Staves and Unarmed Combat.
Jewellery
 p - a ring of willpower
Wands
 f - a wand of digging (2)
 h - a wand of polymorph (5)
Scrolls
 c - a scroll of identify
 g - 2 scrolls of fear
 l - a scroll of torment {unknown}
 n - a scroll of teleportation
Potions
 d - a potion of haste
 e - 2 potions of flight
 j - 3 potions of curing
 k - 2 potions of attraction {unknown}
 m - a potion of invisibility {unknown}
 o - a potion of might
 t - a potion of heal wounds {unknown}


   Skills:
 + Level 5.3 Fighting
 + Level 7.3(7.8) Axes
 + Level 4.8 Dodging
 + Level 4.5 Shields


You had 7 spell levels left.
You didn't know any spells.
Your spell library contained the following spells:

 Spells                   Type           Power      Damage    Failure   Level
 Apportation              Tloc           0%         N/A       45%         1


Dungeon Overview and Level Annotations

Branches:
Dungeon (5/15)             Temple (1/1) D:4

Altars:
Ashenzari
Cheibriados
Dithmenos
Elyvilon
Fedhas
Gozag
Hepliaklqana
Makhleb
Okawaru
Qazlal
Ru
Sif Muna
Wu Jian
Xom
Yredelemnul


Innate Abilities, Weirdness & Mutations

You can breathe wild blasts of lightning.
Your glossy black scales are hard. (AC +6)
You cannot fit into any form of body armour.
You are resistant to electric shocks. (rElec)
You are cold-blooded and may be slowed by cold attacks.


Message History

Press: ? - help, Shift-Dir - straight line, f - Pikel
Aim: Pikel, wielding a +1 whip of freezing and wearing a +0 robe (will become a hornet, a hog, or a queen bee, chance to affect: 49%) Pikel evaporates and reforms as a hog!
The lemure shouts!
You are too injured to fight recklessly!
You closely miss Pikel. You tail-slap Pikel, but do no damage.
Pikel closely misses you.
You closely miss Pikel. Pikel bites you but does no damage.
Pikel closely misses you.
You hit Pikel but do no damage. You tail-slap Pikel, but do no damage.
A white imp comes into view.
Pikel bites you!
You slash Pikel! You tail-slap Pikel.
Pikel is heavily wounded.
Pikel completely misses you. Pikel bites you.
* * * LOW HITPOINT WARNING * * *
Activating: Breathe Lightning (4% risk of failure)
Press: ? - help, Dir - look around, f - activate You breathe a wild blast of lightning!
You hear a mighty clap of thunder! x2
The bolt of lightning hits Pikel!
Pikel is severely wounded.
The orb of electricity explodes!
The orb of electricity engulfs you! You resist.
* * * LOW HITPOINT WARNING * * *
The orb of electricity engulfs Pikel!!
You kill Pikel!
The orb of electricity engulfs the lemure!!
The lemure is almost dead.
The orb of electricity engulfs the lemure.
The lemure is lightly wounded.
The orb of electricity explodes!
The orb of electricity engulfs the lemure!!
You kill the lemure!
That felt strangely unrewarding.
The orb of electricity engulfs the lemure!!
You kill the lemure!
That felt strangely unrewarding.
The orb of electricity engulfs you! You resist.
You die...

.. ≈≈≈≈ ♣P #.. ≈≈. .≈P [..
≈≈ ..≈. #.# .♣≈≈...
########.# ####†..P.#
#......#.# #..††..$.#
######......#.###.######$#
#......<.#.....##)####
#.####..##.....@.....# #.#
#.####....##)##.# #.#
#......#.###..5 .. #.#
########.# ###...## #.#
#.# ....# #.## #+# ....
#..## .... #...# 5..
##..###


You could see a lemure.

Vanquished Creatures
  A hog (D:5)
  An ice beast (D:5)
  A centaur (D:5)
  An ogre (D:4)
  2 lemures (D:5)
  3 phantoms (D:4)
  Blork the orc (D:5)
  3 scorpions
  A howler monkey (D:5)
  2 hounds (D:5)
  2 orc priests
  A gnoll shaman (D:5)
  Jessica (D:3)
  4 iguanas
  2 orc wizards (D:4)
  5 adders
  3 worms
  A dart slug (D:2)
  7 orcs
  2 endoplasms
  2 giant cockroaches
  10 goblins
  14 hobgoblins
  3 jackals (D:1)
  7 quokkas
  7 ball pythons
  3 bats
  8 frilled lizards
  9 kobolds
  5 rats
112 creatures vanquished.

Vanquished Creatures (others)
  2 fungi (D:2)
  2 plants (D:2)
4 creatures vanquished.

Grand Total: 116 creatures vanquished

Notes
Turn   | Place    | Note
-------+----------+-------------------------------------------
     0 | D:1      | Lekart the Draconian Fighter began the quest for the Orb.
     0 | D:1      | Reached XP level 1. HP: 19/19 MP: 1/1
   193 | D:1      | Reached XP level 2. HP: 26/26 MP: 2/2
   450 | D:1      | Reached XP level 3. HP: 24/33 MP: 3/3
   891 | D:2      | Reached skill level 3 in Axes
  1201 | D:2      | Reached XP level 4. HP: 32/40 MP: 4/4
  1388 | D:2      | Found a faded altar of an unknown god.
  1394 | D:2      | Got Plato's Catalogue of the Traveller
  1976 | D:3      | Noticed Jessica
  1982 | D:3      | Killed Jessica
  1983 | D:3      | Reached XP level 5. HP: 42/46 MP: 5/5
  2040 | D:3      | Reached skill level 4 in Axes
  2105 | D:3      | Found a snail-covered altar of Cheibriados.
  2250 | D:4      | Identified a scroll of acquirement
  2250 | D:4      | Acquired a manual of Maces & Flails
  2257 | D:4      | Noticed a phantom
  2259 | D:4      | Found a staircase to the Ecumenical Temple.
  2270 | D:4      | Killed a phantom
  2453 | D:4      | Reached XP level 6. HP: 49/52 MP: 6/6
  2465 | Temple   | Entered the Ecumenical Temple
  2747 | Temple   | Became a worshipper of Ashenzari the Shackled
  2786 | D:4      | Reached skill level 5 in Axes
  3078 | D:4      | Your scales start taking on a glossy black colour.
  3078 | D:4      | Reached XP level 7. HP: 30/60 MP: 7/7
  3078 | D:4      | Gained mutation: You are resistant to electric shocks.
                  | (rElec) [Black Draconian growth]
  3598 | D:4      | Reached skill level 6 in Axes
  3919 | D:5      | Entered Level 5 of the Dungeon
  4074 | D:5      | Noticed Blork the orc
  4084 | D:5      | Killed Blork the orc
  4196 | D:5      | Reached skill level 5 in Fighting
  4267 | D:5      | Found a stormy altar of Qazlal.
  4565 | D:5      | Reached XP level 8. HP: 41/68 MP: 8/8
  4573 | D:5      | Reached skill level 7 in Axes
  4624 | D:5      | Noticed Pikel
  4631 | D:5      | Noticed Pikel
  4631 | D:5      | Pikel changed into Pikel the hog
  4636 | D:5      | Killed Pikel the hog
  4636 | D:5      | Killed themself with a badly aimed orb of electricity

Illustrated notes

Levels and vault maps discovered:
D:1:      minmay_arrival_arboretum_small, layout_rooms, minmay_tromino_v2
D:2:      minmay_wonky_spiral, layout_basic, shapermc_ecumenical_altar_rom_forum
D:3:      layout_basic, lemuel_crystal_altar, uniq_jessica
D:4:      layout_loops_ring, minmay_temple_entry_grid, gup_sewer_entry_bowl
D:5:      layout_loops_corners, kennysheep_mini_moat, trog_hazing_becter,
          serial_bayou, serial_bayou_lake_a, serial_bayou_ford_a,
          serial_bayou_pond_b, serial_bayou_pond_b, uniq_blork_the_orc,
          uniq_pikel
Temple:   nicolae_temple_figure_eight

Skill      XL: |  1  2  3  4  5  6  7  8 |
---------------+-------------------------+-----
Dodging        | 3 4 |  4.8
Axes           | 3 4 5 6 7 |  7.3
Fighting       | 4 5 |  5.3
Shields        | 4 |  4.5

Action                   |  1- 3 |  4- 6 |  7- 9 || total
-------------------------+-------+-------+-------++-------
Melee: War axe           |   108 |    94 |   110 ||   312
       Tailslap          |     7 |    12 |    22 ||    41
Invok: Curse Item        |       |       |     1 ||     1
 Abil: Breathe Lightning |       |       |     2 ||     2
Evoke: Wand              |       |       |     1 ||     1
  Use: Scroll            |     4 |     8 |       ||    12
       Potion            |       |     1 |     2 ||     3
 Stab: Sleeping          |     1 |     1 |       ||     2
Armor: Skin              |    27 |    22 |    27 ||    76
Dodge: Dodged            |    52 |    54 |    68 ||   174
Block: Buckler           |    22 |    31 |    44 ||    97

Table legend: (Time is in decaauts)
 A = Elapsed time spent in this place.
 B = Non-inter-level travel time spent in this place.
 C = Inter-level travel time spent in this place.
 D = Time resting spent in this place.
 E = Time spent auto-exploring this place.
 F = Levels seen in this place.
 G = Mean time per level.
                   A        B        C        D        E       F      G
               +--------+--------+--------+--------+--------+-----+--------+
         Total |   4749 |   4637 |    112 |    161 |   3637 |   6 |  791.5 |
       Dungeon |   4435 |   4354 |     81 |    161 |   3427 |   5 |  887.0 |
        Temple |    313 |    282 |     31 |      0 |    210 |   1 |  313.0 |
               +--------+--------+--------+--------+--------+-----+--------+

Top non-repeatable levels by time:
     D:4: 1387 daAuts
     D:1: 838 daAuts
     D:2: 763 daAuts
     D:5: 738 daAuts
     D:3: 706 daAuts
  Temple: 313 daAuts
